Map: Bel'Shir Vestige LE (Void)

Players

Kashim

  • Race: Zerg Zerg
  • Spawn Location: 11:00

Mamba - Winner!

  • Race: Zerg Zerg
  • Spawn Location: 5:00

Event: IEM XI Katowice - World Championship 2017

VOD

Have the link to the VOD?

Description

Time

  • Played on: Feb. 27, 2017, 6:17 a.m.
  • Length: 8:41

All games in this series

Show
View Real Time Build Order
Export as new Build Order

Kashim Zerg 

Build Orders: Pool First, Zergling Baneling 

Get SALT Encoding   

  12  0:01  Drone  
  13  0:07  Extractor  
  12  0:25  Spawning Pool  
  11  0:33  Drone  
  11  0:35  Drone  
  13  0:48  Overlord  
  13  1:11  Metabolic Boost  
  13  1:12  Zergling x2  
  13  1:13  Zergling x2  
  13  1:14  Zergling x2  
  16  1:24  Zergling x2  
  17  1:34  Baneling Nest  
  17  1:36  Zergling x2  
  17  1:46  Zergling x2  
  18  1:58  Zergling x2  
  19  2:11  Zergling x2  
  19  2:14  Queen  
  22  2:18  Baneling x2  
  22  2:20  Baneling  
  22  2:34  Overlord  
  18  2:54  Zergling x6  
  19  3:06  Zergling x2  
  19  3:15  Baneling x3  
  19  3:21  Zergling x2  
  20  3:38  Zergling x4  
  20  3:39  Overlord  
  17  4:03  Zergling x6  
  19  4:27  Hatchery  
  18  4:34  Drone  
  18  4:42  Drone  
  19  4:46  Baneling  
  19  4:48  Drone  
  20  4:54  Baneling  
  20  5:00  Drone x2  
  22  5:09  Overlord  
  22  5:22  Overlord  
  22  5:28  Zergling x6  
  25  5:34  Baneling  
  25  5:42  Drone x2  
  24  5:43  Drone x2  
  26  5:51  Drone x2  
  27  5:59  Zergling x2  
  27  6:06  Queen  
  27  6:08  Drone  
  30  6:12  Drone  
  30  6:14  Zergling x2  
  30  6:16  Baneling  
  31  6:21  Zergling x4  
  33  6:26  Drone x2  
  33  6:30  Zergling x2  
  36  6:35  Baneling  
  36  6:36  Baneling  
  36  6:37  Zergling x2  
  36  6:38  Zergling x2  
  35  7:03  Drone x5  
  38  7:12  Drone x4  
  38  7:15  Zergling x6  
  39  7:22  Zergling x2  
  39  7:23  Zergling x2  
  39  7:25  Baneling x2  
  37  7:32  Zergling x2  
  37  7:35  Zergling x2  
  37  7:36  Zergling x6  
  38  7:39  Queen  
  38  7:43  Baneling  
  41  7:44  Drone x2  
  43  7:51  Zergling x2  
  43  8:02  Roach Warren  
  42  8:09  Drone  
  42  8:12  Drone  
  42  8:15  Zergling x2  
  42  8:17  Zergling x2  
  43  8:25  Hatchery  
Show
View Real Time Build Order
Export as new Build Order

Mamba Zerg - Winner!

Build Orders: Pool First, Zergling Baneling 

Get SALT Encoding   

  12  0:00  Drone  
  13  0:12  Overlord  
  13  0:17  Drone  
  14  0:30  Drone x2  
  14  0:34  Drone  
  17  0:44  Extractor  
  17  0:45  Drone  
  17  0:50  Spawning Pool  
  17  0:55  Drone  
  17  1:07  Drone  
  18  1:17  Hatchery  
  17  1:21  Drone  
  18  1:28  Drone  
  19  1:36  Queen  
  21  1:40  Zergling x2  
  21  1:46  Metabolic Boost  
  22  1:52  Overlord  
  22  2:05  Baneling Nest  
  22  2:07  Zergling x2  
  22  2:12  Queen  
  24  2:16  Zergling x2  
  25  2:23  Spine Crawler  
  25  2:26  Zergling x2  
  26  2:35  Zergling x2  
  24  2:45  Zergling x2  
  24  2:46  Zergling x6  
  24  3:02  Baneling x2  
  24  3:08  Drone x2  
  26  3:21  Drone  
  27  3:32  Zergling x6  
  30  3:37  Hatchery  
  30  3:38  Baneling  
  30  3:39  Overlord, Baneling  
  29  3:43  Overlord  
  28  3:54  Overlord  
  25  4:11  Drone  
  25  4:13  Baneling x2  
  25  4:15  Queen  
  27  4:19  Drone  
  27  4:22  Zergling x4  
  30  4:27  Zergling x2  
  30  4:28  Baneling x2  
  31  4:39  Zergling x4  
  33  4:54  Drone x4  
  33  4:56  Drone  
  38  5:01  Baneling x2  
  38  5:03  Drone  
  39  5:08  Drone  
  39  5:12  Drone  
  41  5:21  Drone x4  
  45  5:29  Drone x4  
  49  5:39  Overlord  
  48  5:47  Zergling x6  
  50  5:54  Zergling x4, Hatchery  
  50  5:55  Extractor  
  48  5:57  Zergling x4  
  48  6:04  Zergling x8  
  48  6:10  Roach Warren  
  50  6:12  Zergling x2  
  50  6:17  Zergling x2  
  52  6:21  Drone x4  
  52  6:25  Baneling, Evolution Chamber  
  55  6:26  Baneling x3  
  55  6:29  Drone  
  56  6:33  Drone x2  
  56  6:39  Drone x2  
  60  6:42  Baneling x2  
  60  6:46  Drone x4  
  64  6:51  Extractor  
  63  6:58  Overlord  
  61  7:03  Lair  
  61  7:04  Overlord  
  60  7:10  Roach x2  
  60  7:16  Roach x3  
  60  7:21  Roach x2  
  68  7:27  Roach x2  
  71  7:34  Roach x3  
  74  7:42  Roach x3  
  74  7:43  Roach  
  82  7:47  Drone x2  
  82  7:48  Drone  
  82  7:50  Roach  
  87  7:53  Overlord  
  87  8:04  Overlord x2  
  87  8:05  Drone x2  
  89  8:14  Roach x4  

Tags
 
Add a new tag
Caveats
  • Supply blocks, unpowered buildings, or Contaminate may cause inaccurate times.
  • Supply counts are checked every 10 seconds.